 Dungeon Crawl Stone Soup version 0.28-a0-792-g75f770b44e (webtiles) character file.

Game seed: 5461382137434310236

1808746 EnegeticOcto the Purifying Djinni (level 27, 205/205 HPs)
             Began as a Djinni Air Elementalist on Nov 2, 2021.
             Was a High Priest of Elyvilon.
             Escaped with the Orb
             ... and 3 runes on Nov 3, 2021!
             The game lasted 02:26:50 (57057 turns).

EnegeticOcto the Purifying Djinni (DjAE)           Turns: 57057, Time: 02:26:50

Health: 205/205    AC: 33    Str:  8    XL:     27
Gold:   2276       EV: 11    Int: 45    God:    Elyvilon [*****.] SH: 18 Dex: 12

rFire   + + +      SeeInvis +   e - staff of fire
rCold   + . .      Faith    +   O - +5 kite shield {rC+}
rNeg    + + +      Spirit   .   P - +11 pearl dragon scales of the True Pharaoh {*Slow rElec rN+ Regen+ Int+2}
rPois   ∞          Reflect  .   T - +2 helmet {Int+3}
rElec   +          Harm     .   b - +2 cloak {Stlth+}
rCorr   .          Rampage  +   v - +0 pair of gloves of a volcano {Rampage Regen+ Int+4 Dex-4}
Will    +++..                   (boots unavailable)
Stlth   +.........              l - amulet "Niwy" {Faith rC+ rN+ Will+ SInv}
HPRegen 2.44/turn               J - ring of the Octopus King {rN+ AC+1 EV+1 Str+1 Int+1 Dex+1}
MPRegen 0.00/turn               R - +6 ring of intelligence

@: on dragon call cooldown, flying, studying Long Blades
A: sickness immunity, fire resistance 2, cold vulnerability 1, float, innate
caster, hp casting, extra vitality 1, clever 1, clumsy 1
0: Orb of Zot
}: 3/15 runes: decaying, silver, gossamer
a: Renounce Religion, Purification, Heal Other, Heal Self, Divine Vigour


You escaped.
You worshipped Elyvilon.
Elyvilon was extremely pleased with you.
You visited 10 branches of the dungeon, and saw 49 of its levels.
You also visited: Gauntlet and Volcano.

You collected 7779 gold pieces.
You spent 5503 gold pieces at shops.

Inventory:

Missiles
 E - 9 curare-tipped darts
 V - 9 throwing nets {!f}
Armour
 b - a +2 cloak of stealth (worn)
   (You found it on level 3 of the Elven Halls)
 v - the +0 pair of gloves of a volcano (worn) {Rampage Regen+ Int+4 Dex-4}
   (You acquired it on level 12 of the Dungeon)

   Int:       It affects your intelligence (+4).
   Dex:       It affects your dexterity (-4).
   Regen:     It increases your rate of health regeneration.
   Rampage:   It bestows one free step when moving towards enemies.
 O - a +5 kite shield of cold resistance (worn)
   (You acquired it on level 12 of the Dungeon)
 P - the +11 pearl dragon scales of the True Pharaoh (worn) {*Slow rElec rN+ Regen+ Int+2}
   (You bought it in a shop on level 3 of the Vaults)

   Int:       It affects your intelligence (+2).
   rElec:     It insulates you from electricity.
   rN:        It protects you from negative energy.
   Regen:     It increases your rate of health regeneration.
   *Slow:     It may slow you when you take damage.
 T - a +2 helmet of intelligence (worn)
   (You acquired it on level 1 of the Lair of Beasts)
Magical Staves
 e - a staff of fire (weapon)
   (You took it off a deep elf annihilator on level 3 of the Elven Halls)
 q - a staff of cold
   (You acquired it on level 5 of the Lair of Beasts)
 z - a staff of air
   (You found it on level 1 of the Swamp)
Jewellery
 i - the ring "Wuuhudom" {Fire rElec rCorr Dex+3}
   (You found it on level 2 of the Lair of Beasts)

   [ring of fire]

   It enhances your fire magic.
   Dex:       It affects your dexterity (+3).
   rF:        It protects you from fire.
   rC:        It makes you vulnerable to cold.
   rElec:     It insulates you from electricity.
   rCorr:     It protects you from acid and corrosion.
 l - the amulet "Niwy" (around neck) {Faith rC+ rN+ Will+ SInv}
   (You found it on level 3 of the Elven Halls)

   [amulet of faith]

   It allows you to gain divine favour quickly.
   rC:        It protects you from cold.
   rN:        It protects you from negative energy.
   SInv:      It lets you see invisible.
   Will:      It increases your willpower.
 m - a ring of wizardry
   (You found it on level 12 of the Dungeon)
 s - the amulet of the Four Winds {rN+ Will+++ Clar}
   (You found it on level 2 of the Depths)

   [amulet of nothing]

   rN:        It protects you from negative energy.
   Clar:      It protects you against confusion.
   Will:      It greatly increases your willpower.
 y - the ring of Lust {rElec rPois rCorr Str+5}
   (You bought it in a shop on level 2 of the Orcish Mines)

   [ring of resist corrosion]

   Str:       It affects your strength (+5).
   rElec:     It insulates you from electricity.
   rPois:     It protects you from poison.
   rCorr:     It protects you from acid and corrosion.
 H - the ring "Losiocwu" {rElec rC+ MP+9 Dex+2}
   (You found it on level 3 of the Elven Halls)

   [ring of magical power]

   Dex:       It affects your dexterity (+2).
   rC:        It protects you from cold.
   rElec:     It insulates you from electricity.
   MP:        It affects your magic capacity (+9).
 J - a ring of the Octopus King (left hand) {rN+ AC+1 EV+1 Str+1 Int+1 Dex+1}
   (You found it on level 8 of the Dungeon)

   [ring of positive energy]

   AC:        It affects your AC (+1).
   EV:        It affects your evasion (+1).
   Str:       It affects your strength (+1).
   Int:       It affects your intelligence (+1).
   Dex:       It affects your dexterity (+1).
   rN:        It protects you from negative energy.
 R - a +6 ring of intelligence (right hand)
   (You found it on level 1 of the Lair of Beasts)
Wands
 c - a wand of polymorph (71)
   (You found it on level 4 of the Dungeon)
 w - a wand of charming (12)
   (You bought it in a shop on level 2 of the Orcish Mines)
 x - a wand of acid (18) {@v1}
   (You found it on level 5 of the Dungeon)
 D - a wand of iceblast (95) {@v2}
   (You found it on level 6 of the Dungeon)
 G - a wand of digging (7) {@v3}
   (You bought it in a shop on level 9 of the Dungeon)
 M - a wand of paralysis (29)
   (You found it on level 4 of the Swamp)
 U - a wand of mindburst (37)
   (You found it on level 4 of the Lair of Beasts)
Scrolls
 h - 24 scrolls of teleportation {@r3 !r}
 j - 12 scrolls of blinking {@r4}
 k - 8 scrolls of immolation
 n - 12 scrolls of fear {!r}
 p - 5 scrolls of vulnerability
 K - a scroll of silence
 N - 2 scrolls of holy word
 S - 3 scrolls of magic mapping {@r5 !r}
 W - a scroll of summoning
 Y - 8 scrolls of fog {!r}
Potions
 a - 6 potions of brilliance
 d - 19 potions of heal wounds {@q2 !q}
 f - 9 potions of lignification {@q6}
 g - 4 potions of invisibility
 o - 5 potions of berserk rage
 t - 8 potions of haste {@q4 !q}
 u - 9 potions of resistance
 A - 22 potions of curing {@q1 !q}
 B - 8 potions of might {@q3 !q}
 C - 7 potions of ambrosia
 F - 9 potions of attraction
 L - 14 potions of mutation
 Z - 3 potions of cancellation
Miscellaneous
 r - a phial of floods
   (You found it in a Gauntlet)
 I - a phantom mirror
   (You found it on level 2 of the Elven Halls)
 Q - a tin of tremorstones (2/2)
   (You found it on level 5 of the Lair of Beasts)
 X - a lightning rod (4/4)
   (You found it on level 3 of the Elven Halls)


   Skills:
 - Level 20.0 Fighting
 - Level 8.0 Armour
 - Level 12.0 Dodging
 - Level 4.0 Stealth
 - Level 15.0 Shields
 + Level 22.7 Spellcasting
 + Level 23.5 Invocations
 - Level 12.0 Evocations


You couldn't memorise any spells.
You knew the following spells:

 Your Spells              Type           Power      Damage    Failure   Level
a - Iron Shot             Conj/Erth      65%        9d12      1%          6
b - Airstrike             Air            65%        N/A       0%          4
c - Hailstorm             Conj/Ice       100%       3d20      0%          4
d - Static Discharge      Conj/Air       100%       N/A       0%          2
e - Pain                  Necr           100%       1d9       0%          1
f - Starburst             Conj/Fire      77%        6d20      1%          6
g - Shock                 Conj/Air       100%       1d9       0%          1
h - Petrify               Tmut/Erth      100%       N/A       0%          4
i - Corpse Rot            Necr/Air       100%       N/A       0%          2
j - Searing Ray           Conj           100%       2d8       0%          2
k - Summon Hydra          Summ           65%        N/A       1%          7
l - Necromutation         Tmut/Necr      65%        N/A       1%          8
m - Maxwell's Capacitive  Air            65%        ∞         1%          8
n - Ignition              Fire           77%        3d20      1%          8
o - Dragon's Call         Summ           65%        N/A       32%         9
z - Irradiate             Conj/Tmut      65%        3d35      0%          5
V - Swiftness             Air            100%       N/A       0%          3
Your spell library was empty.

Dungeon Overview and Level Annotations

Branches:
Dungeon (15/15)            Temple (1/1) D:7            Lair (6/6) D:8
  Swamp (4/4) Lair:4       Spider (4/4) Lair:2        Slime (0/5) Lair:5
    Orc (2/2) D:10            Elf (3/3) Orc:2        Vaults (5/5) D:14
  Crypt (0/3) Vaults:2     Depths (4/4) D:15            Zot (5/5) Depths:4
Volcano (visited)         Gauntlet (visited)

Altars:
Ashenzari
Cheibriados
Dithmenos
Elyvilon
Fedhas
Gozag
Hepliaklqana
Kikubaaqudgha
Makhleb
Nemelex Xobeh
Okawaru
Qazlal
Ru
Sif Muna
Trog
Uskayaw
Vehumet
Wu Jian
Xom
Yredelemnul
Zin
The Shining One
Beogh

Shops:
D:9 *   Orc:1 !   Orc:2 (**(   Elf:1 **   Vaults:1 [   Vaults:2 ?
Vaults:3 ![[?[   Vaults:4 !   Depths:1 (   Depths:2 (   Depths:3 =:
Depths:4 [

Portals:
Hell: Depths:1 Depths:2 Depths:3 Depths:4
Abyss: D:15 Depths:3
Pandemonium: Depths:1 Depths:2 Depths:4
Ziggurat: Depths:4

Annotations:
D:13 3 runed translucent doors, skizzler's ghost, journeyman DsFi
D:15 2 transporters
Lair:3 3 runed translucent doors, atomjack's ghost, journeyman FeSu
Orc:2 3 runed translucent doors, Johnny's ghost, journeyman HuBe
Elf:2 5 runed translucent doors, Roxanne
Depths:2 1 runed translucent door
Zot:5 2 transporters, Doipsez's ghost, legendary MiFi


Innate Abilities, Weirdness & Mutations

You are immune to sickness and miasma.
You are immune to poison.
Your flesh is very heat resistant. (rF++)
You are vulnerable to cold. (rC-)
You float through the air rather than walking.
You learn spells naturally, not from books.
Your magical power is your life essence.
You have superior vitality. (+4 HP)
Your mind is acute. (Int +2)
You are clumsy. (Dex -2)


Message History

(V) Vaults (C) Crypt (U) Depths (H) Hell (Z) Zot
Where to? (Enter - D:1 @ (x,y), ? - help) HP restored.
Things that are here:
a +0 robe; a +0 dagger 2 sixfirhies and a cacodemon come into view.
Press: ? - help, Dir - move target, f - cacodemon Heal: a cacodemon (chance to pacify: 39%)
The cacodemon turns neutral.
Okay, then.
The sixfirhy hits you but does no damage.
You block the sixfirhy's attack.
The sixfirhy hits you but does no damage.
The cacodemon completely misses something.
The cacodemon hits something!!
The sixfirhy hits you but does no damage. x2
You block the sixfirhy's attack.
There is a stone staircase leading up here.
Casting: Iron Shot (safe; 1% risk of failure)
Confirm with . or Enter, or press ? or * to list all spells.
Aiming: Iron Shot (safe; 1% risk of failure)
Press: ? - help, Shift-Dir - straight line, f - sixfirhy
Aim: a sixfirhy (56% to hit)
The iron shot hits the sixfirhy!!!
You kill the sixfirhy!
You fly upwards.
There is a stone staircase leading down here.
(D) Dungeon (T) Temple (L) Lair (S) Swamp (N) Spider Nest (M) Slime Pits (O) Orcish Mines (E) Elven Halls (V) Vaults (C) Crypt (U) Depths (H) Hell (Z) Zot
Where to? (Enter - D:1 @ (x,y), ? - help)
There is a stone staircase leading up here.
You fly upwards.
There is a stone staircase leading down here.
There is a stone staircase leading up here.
You fly upwards.
There is a stone staircase leading down here.
There is a stone staircase leading up here.
You fly upwards.
There is a stone staircase leading down here.
You see here a +0 club.
There is a stone staircase leading up here.
You fly upwards.
There is a stone staircase leading down here.
There is an open door here.
There is a staircase leading out of the dungeon here.
You start waiting.
An Orb Guardian comes into view.
Casting: Iron Shot (safe; 1% risk of failure)
Confirm with . or Enter, or press ? or * to list all spells.
You call out to the draconic realm, and the dragon horde roars back!
A dragon arrives to answer your call! The Orb Guardian hits you!!
A dragon arrives to answer your call!
The Orb Guardian hits you but does no damage.
Your quicksilver dragon bites the Orb Guardian but does no damage.
Your quicksilver dragon closely misses the Orb Guardian.
A dragon arrives to answer your call!
The Orb Guardian hits you but does no damage.
Your quicksilver dragon bites the Orb Guardian.
Your quicksilver dragon claws the Orb Guardian but does no damage.
Your iron dragon bites the Orb Guardian!!
Your iron dragon claws the Orb Guardian.
Your iron dragon tramples the Orb Guardian but does no damage.
Your storm dragon bites the Orb Guardian!
Your storm dragon claws the Orb Guardian.
Your storm dragon tramples the Orb Guardian but does no damage.
The Orb Guardian barely misses your storm dragon.
Your quicksilver dragon bites the Orb Guardian but does no damage.
Your quicksilver dragon claws the Orb Guardian but does no damage.
Your quicksilver dragon bites the Orb Guardian but does no damage.
Your quicksilver dragon claws the Orb Guardian!
The Orb Guardian completely misses your quicksilver dragon.
Your storm dragon bites the Orb Guardian but does no damage.
Your storm dragon barely misses the Orb Guardian.
Your storm dragon completely misses the Orb Guardian.
Your iron dragon bites the Orb Guardian!
Your iron dragon claws the Orb Guardian!!
The Orb Guardian dies!
You start resting.
HP restored.
You start waiting.
Your quicksilver dragon disappears in a puff of smoke!
Your iron dragon disappears in a puff of smoke!
Your storm dragon disappears in a puff of smoke!
A reaper comes into view. It is wielding a +0 scythe of pain.
A dragon arrives to answer your call! A dragon arrives to answer your call!
Your ice dragon bites the reaper!
Your ice dragon claws the reaper!
Your ice dragon tramples the reaper!
The reaper stumbles backwards!
A dragon arrives to answer your call!
Your iron dragon breathes metal splinters at the reaper.
The spray of metal splinters hits the reaper!!!
The reaper hits your iron dragon from afar with a +0 scythe of pain!!!
Your iron dragon writhes in agony!
Your fire dragon bites the reaper!
The reaper dies!
The roar of the dragon horde subsides.
Enter note: You have escaped!

##### #.@D##
###DD.##
#>##...#
#≈.#...##
#≈.##)..#
#≈≈.#...##
#≈≈≈##...###
#≈≈≈≈'...'.#####
#≈≈≈##...#.....#


You could see a friendly iron dragon (summoned), a friendly fire dragon
(summoned) and a friendly ice dragon (summoned).

Vanquished Creatures
  A dread lich (Zot:5)
  2 orbs of fire (Zot:5)
  3 ancient liches
  Sojobo (Depths:4)
  3 Killer Klowns (Zot:5)
  4 golden dragons
  4 electric golems
  Jorgrun (Swamp:1)
  Rupert (D:14)
  5 tentacled monstrosities
  3 liches
  18 Orb Guardians
  6 quicksilver dragons
  2 deep elf blademasters (Elf:3)
  2 titans (Vaults:5)
  A deep elf master archer (Elf:3)
  Asterion (Spider:2)
  8 sphinxes
  Gastronok (Lair:2)
  6 death cobs
  Kirke (Swamp:4)
  6 shadow dragons
  Donald (Spider:2)
  3 draconian monks
  3 thorn hunters
  9 tengu reavers
  2 draconian knights
  2 nameless horrors
  10 storm dragons
  9 frost giants
  14 fire giants
  A juggernaut zombie (Depths:3)
  A draconian scorcher (Zot:3)
  A balrug (Depths:4)
  22 vault wardens
  3 orc warlords
  8 ghost moths
  2 iron dragons
  9 deep elf elementalists
  3 draconian shifters
  10 deep elf sorcerers
  A draconian stormcaller (Zot:2)
  A reaper (Depths:2)
  9 emperor scorpions
  4 spriggan defenders
  2 draconian annihilators
  25 ironbound preservers
  21 very ugly things
  10 deep elf demonologists
  A caustic shrike skeleton (Depths:3)
  5 vampire knights
  16 stone giants
  4 black draconians
  A war gargoyle (Vaults:5)
  13 deep elf annihilators (Elf:3)
  8 dire elephants (Vaults:3)
  4 entropy weavers
  3 green draconians
  2 white draconians
  A red draconian (Depths:4)
  3 yellow draconians
  A dire elephant (shapeshifter) (Vaults:5)
  5 purple draconians
  A merfolk javelineer (Depths:3)
  The ghost of Soborki the Severer, a journeyman MiBe of Trog (Lair:2)
  7 bunyips
  A minotaur (Gauntlet)
  4 spark wasps
  8 eleionomae
  2 crystal guardians (Vaults:1)
  10 deep elf death magi
  An eidolon (Vaults:2)
  A blizzard demon (Depths:2)
  9 ettins
  4 fire dragons
  5 ice dragons
  6 deep elf high priests
  10 yaktaur captains
  A merfolk impaler (D:13)
  3 shambling mangroves
  A hydra (shapeshifter) (D:15)
  36 vault guards
  6 ironbound thunderhulks
  Fannar (Lair:2)
  Harold (D:7)
  A caustic shrike simulacrum (Depths:3)
  A peacekeeper (Vaults:1)
  3 boulder beetles
  8 great orbs of eyes
  8 ogre magi
  19 hydras
  Erolcha (Orc:2)
  2 ghost crabs
  A hell beast (Depths:2)
  3 catoblepae
  5 rakshasas
  6 centaur warriors
  An anaconda (shapeshifter) (Vaults:5)
  6 ironbound frosthearts
  3 spriggan air magi
  2 merfolk avatars
  23 two-headed ogres
  8 alligators
  15 dancing weapons
  2 deep troll shamans (Depths:4)
  A vampire mage (Swamp:2)
  5 tengu warriors
  A death yak (Lair:5)
  Urug (D:14)
  6 spriggan berserkers
  6 deep troll earth magi
  2 orc high priests
  8 spriggans
  Nergalle (D:12)
  A hell knight (Depths:3)
  A sun demon (Depths:4)
  24 deep elf knights
  7 iron trolls
  3 skeletal warriors (D:12)
  A titan skeleton (Depths:3)
  57 deep trolls
  A flayed ghost (Depths:1)
  11 goliath frogs
  5 spriggan druids
  A swamp dragon (shapeshifter) (Elf:1)
  A golden dragon zombie (Depths:3)
  A sixfirhy (D:6)
  20 ironbound convokers
  3 glowing orange brains
  A tengu zombie (Depths:3)
  5 phantasmal warriors
  A sphinx zombie (Depths:3)
  A golden dragon skeleton (Depths:3)
  A bog body (Swamp:2)
  10 swamp dragons
  16 orb spiders
  Pikel (D:6)
  33 deep elf pyromancers
  9 wizards
  10 necromancers
  14 deep elf archers
  28 deep elf zephyrmancers
  10 orc knights
  6 mana vipers (Depths:2)
  2 harpies (Lair:6)
  A lindwurm (Lair:5)
  7 manticores
  68 ugly things
  An orc sorcerer (Orc:2)
  2 tengu skeletons
  A glowing shapeshifter (Vaults:5)
  29 wolf spiders
  3 cyclopes
  A fire giant zombie (Vaults:2)
  3 will-o-the-wisps
  4 large abominations (Elf:1)
  A sphinx skeleton (Depths:3)
  10 moths of wrath
  A manticore (shapeshifter) (Depths:1)
  16 elephants
  An oklob plant (Lair:5)
  2 frost giant skeletons
  A rust devil (Depths:4)
  8 black mambas
  A molten gargoyle (Volcano)
  3 torpor snails
  14 vault sentinels
  An orange demon (Depths:4)
  20 cane toads
  An unseen horror (D:11)
  3 gargoyles
  2 efreet
  A hellion (Depths:1)
  3 kobold demonologists
  6 demonic crawlers
  62 yaktaurs
  A freezing wraith (Vaults:2)
  14 rime drakes
  18 komodo dragons
  A hellwing (Depths:1)
  2 yaktaur skeletons
  A red devil (Depths:1)
  A tengu conjurer (Depths:1)
  An ice devil (Depths:4)
  3 bloated husks
  A merfolk (shapeshifter) (Vaults:2)
  8 trolls
  27 jumping spiders
  7 tyrant leeches
  3 wind drakes (Lair:6)
  5 polar bears
  A dream sheep (shapeshifter) (Vaults:5)
  Grinder (D:3)
  23 blink frogs
  17 hornets
  37 slime creatures
  4 dream sheep (Lair:5)
  An ettin zombie (Vaults:4)
  2 snapping turtles (Lair:6)
  The ghost of Mandevil the Grave Robber, an amateur KoNe (D:4)
  6 air elementals
  A centaur simulacrum (D:14)
  A human simulacrum (Vaults:4)
  An ettin skeleton (Vaults:2)
  Sigmund (D:2)
  16 humans
  4 wraiths
  60 redbacks
  A tarantella (shapeshifter) (Depths:3)
  22 tarantellas
  20 water elementals
  10 wyverns
  The ghost of jbvkrfbj the Vexing, an amateur SpEn (D:5)
  7 fire elementals
  2 basilisks
  31 yaks
  A steam dragon (D:10)
  7 hogs (Swamp:4)
  10 vampire mosquitoes
  A chaos spawn (Depths:1)
  A neqoxec (Depths:1)
  5 wargs
  Edmund (D:6)
  2 acid dragons
  21 swamp worms
  9 water moccasins
  A hydra simulacrum (Lair:2)
  2 hell hounds (Gauntlet)
  2 floating eyes (Depths:1)
  2 sky beasts
  36 orc warriors
  7 swamp drakes (Swamp:4)
  3 ice beasts
  32 ogres
  3 necrophages (D:7)
  18 wolves
  13 centaurs
  A phantom (D:5)
  3 lemures (D:6)
  2 elf zombies (Elf:1)
  3 kobold brigands
  An earth elemental (Elf:3)
  21 bullfrogs
  A wyvern zombie (D:7)
  A bullfrog (shapeshifter) (Depths:3)
  A water moccasin zombie (D:5)
  4 scorpions
  7 killer bees
  An elephant simulacrum (Lair:2)
  5 spriggan skeletons (D:11)
  5 wights (D:6)
  A troll skeleton (D:11)
  4 howler monkeys
  2 electric eels
  A torpor snail simulacrum (Lair:2)
  2 centaur zombies
  2 bullfrog zombies (D:5)
  A jelly (D:6)
  A komodo dragon simulacrum (Lair:2)
  12 orc priests
  3 hounds
  Crazy Yiuf (D:6)
  2 centaur skeletons
  4 iguanas (D:5)
  A gnoll shaman (D:7)
  14 orc wizards
  5 hell rats (Lair:6)
  A yak simulacrum (Lair:2)
  A killer bee zombie (D:6)
  A bullfrog simulacrum (Lair:2)
  A basilisk simulacrum (Lair:2)
  2 hound zombies (D:5)
  2 hound skeletons
  8 gnolls
  8 adders
  A river rat (D:5)
  2 shadow imps
  3 white imps
  2 ufetubi
  A worm (D:2)
  A dart slug (D:5)
  94 orcs
  10 ball pythons
  6 endoplasms
  A giant cockroach (D:1)
  6 goblins
  7 hobgoblins
  2 jackals (D:1)
  6 quokkas
  2 bats
  6 frilled lizards
  11 kobolds
  5 rats
  A bush (Elf:2)
  4 plants
2011 creatures vanquished.

Vanquished Creatures (collateral kills)
  An orb of fire (Zot:5)
  2 Killer Klowns (Zot:5)
  2 curse toes
  2 profane servitors
  2 tentacled monstrosities
  4 Orb Guardians
  A death cob (Zot:4)
  A draconian monk (Zot:3)
  2 draconian knights
  A reaper (D:1)
  A white draconian (Zot:5)
  A yellow draconian (Zot:3)
  3 hell hogs (D:9)
  A sixfirhy (Zot:4)
  2 moths of wrath
26 creatures vanquished.

Vanquished Creatures (others)
  2 Orb Guardians (Zot:5)
  A sixfirhy (D:6)
  A moth of wrath (Zot:5)
  A hornet (Depths:2)
  A water elemental (Elf:3)
  2 orcs (Orc:2)
  20 fungi
  136 plants
164 creatures vanquished.

Grand Total: 2201 creatures vanquished

Notes
Turn   | Place    | Note
-------+----------+-------------------------------------------
     0 | D:1      | EnegeticOcto the Djinni Air Elementalist began the quest
                  | for the Orb.
     0 | D:1      | Reached XP level 1. HP: 15/15 MP: 0/0
   397 | D:1      | Reached skill level 2 in Stealth
   397 | D:1      | Reached XP level 2. HP: 16/21 MP: 0/0
   962 | D:1      | Reached skill level 3 in Spellcasting
   962 | D:1      | Reached XP level 3. HP: 17/25 MP: 0/0
   962 | D:1      | Learned a level 1 spell: Pain
  1808 | D:2      | Noticed Sigmund
  1821 | D:2      | You are sucked into a shaft and drop 1 floor!
  2112 | D:3      | Reached XP level 4. HP: 25/31 MP: 0/0
  2534 | D:2      | Found a faded altar of an unknown god.
  3296 | D:3      | Noticed Grinder
  3312 | D:3      | Paralysed by Grinder for 7 turns
  3652 | D:4      | Reached skill level 4 in Spellcasting
  3652 | D:4      | Reached XP level 5. HP: 30/35 MP: 0/0
  3652 | D:4      | Learned a level 2 spell: Searing Ray
  3702 | D:4      | Found a runed translucent door.
  3705 | D:4      | Noticed Mandevil's ghost (amateur KoNe)
  3947 | D:4      | Reached XP level 6. HP: 32/40 MP: 0/0
  4311 | D:4      | Found a broken altar of Ashenzari.
  4405 | D:5      | Entered Level 5 of the Dungeon
  4405 | D:5      | Found a runed translucent door.
  4512 | D:5      | Reached skill level 5 in Spellcasting
  4536 | D:5      | Reached skill level 1 in Fighting
  4745 | D:5      | Noticed jbvkrfbj's ghost (amateur SpEn)
  4760 | D:5      | Found a stormy altar of Qazlal.
  4885 | D:5      | Noticed a sky beast
  4891 | D:5      | Killed a sky beast
  4892 | D:5      | Reached skill level 2 in Fighting
  4892 | D:5      | Reached XP level 7. HP: 35/49 MP: 0/0
  4892 | D:5      | Learned a level 2 spell: Corpse Rot
  5210 | D:5      | Reached skill level 3 in Fighting
  5426 | D:5      | Reached skill level 6 in Spellcasting
  5609 | D:5      | Reached XP level 8. HP: 49/56 MP: 0/0
  5694 | D:5      | Found a runed translucent door.
  5944 | D:5      | Found a glowing silver altar of Zin.
  5945 | D:5      | Found a shimmering altar of Xom.
  5945 | D:5      | Noticed an angel
  6298 | D:6      | Reached skill level 7 in Spellcasting
  6709 | D:6      | Reached skill level 3 in Stealth
  6899 | D:4      | Killed Mandevil's ghost
  6900 | D:4      | Reached skill level 4 in Fighting
  7109 | D:5      | Reached XP level 9. HP: 58/63 MP: 0/0
  7109 | D:5      | Learned a level 4 spell: Hailstorm
  7109 | D:5      | Killed jbvkrfbj's ghost
  7110 | D:5      | Reached skill level 5 in Fighting
  7110 | D:5      | Reached skill level 4 in Stealth
  7345 | D:6      | Noticed Maggie
  7347 | D:6      | Noticed Maggie
  7347 | D:6      | Maggie changed into Maggie the wyvern
  7357 | D:6      | Killed Maggie the wyvern
  7358 | D:6      | Reached skill level 6 in Fighting
  7603 | D:6      | Noticed Edmund
  8297 | D:6      | Noticed Pikel
  8347 | D:6      | Killed Pikel
  8348 | D:6      | Reached skill level 7 in Fighting
  8348 | D:6      | Reached skill level 2 in Shields
  8506 | D:6      | Killed Edmund
  8507 | D:6      | Reached XP level 10. HP: 55/75 MP: 0/0
  9019 | D:6      | Found a runed translucent door.
  9020 | D:6      | Noticed Crazy Yiuf
  9025 | D:6      | Killed Crazy Yiuf
  9552 | D:7      | Reached skill level 3 in Shields
  9597 | D:7      | Found a staircase to the Ecumenical Temple.
  9606 | Temple   | Entered the Ecumenical Temple
  9636 | Temple   | Became a worshipper of Elyvilon the Healer
  9846 | D:7      | Reached skill level 8 in Spellcasting
  9851 | D:7      | Reached skill level 8 in Fighting
  9852 | D:7      | Reached skill level 4 in Shields
 10079 | D:7      | Noticed Harold
 10092 | D:7      | Reached skill level 1 in Invocations
 10092 | D:7      | Reached skill level 1 in Evocations
 10415 | D:7      | Reached * piety under Elyvilon
 10607 | D:8      | Found an opulent altar of Gozag.
 10610 | D:8      | Reached skill level 2 in Invocations
 10610 | D:8      | Reached skill level 2 in Evocations
 10659 | D:8      | Noticed a two-headed ogre
 10667 | D:8      | Killed a two-headed ogre
 10668 | D:8      | Reached skill level 3 in Invocations
 10668 | D:8      | Reached skill level 3 in Evocations
 10943 | D:8      | Found the ring of the Octopus King
 10947 | D:8      | Identified a ring of the Octopus King {rN+ AC+1 EV+1 Str+1
                  | Int+1 Dex+1}
 10965 | D:8      | Noticed a two-headed ogre
 10970 | D:8      | Killed a two-headed ogre
 10971 | D:8      | Reached skill level 4 in Invocations
 10971 | D:8      | Reached skill level 4 in Evocations
 11119 | D:8      | Found a sparkling altar of Nemelex Xobeh.
 11329 | D:8      | Found a staircase to the Lair.
 11999 | D:3      | Killed Grinder
 12000 | D:3      | Reached skill level 5 in Invocations
 12670 | D:9      | Reached XP level 11. HP: 72/81 MP: 0/0
 12670 | D:9      | Learned a level 4 spell: Petrify
 13644 | D:9      | Reached skill level 9 in Spellcasting
 13769 | D:9      | Found a hide-covered altar of Uskayaw.
 13784 | D:9      | Reached ** piety under Elyvilon
 13917 | D:9      | Found Xong's Assorted Antiques.
 14141 | D:10     | Entered Level 10 of the Dungeon
 14224 | D:9      | Bought a scroll labelled WACUOH IRPHAGG for 28 gold pieces
 14224 | D:9      | Bought a glass wand for 112 gold pieces
 14224 | D:9      | Bought a potion of heal wounds for 140 gold pieces
 14224 | D:9      | Bought a scroll of identify for 56 gold pieces
 14224 | D:9      | Bought a runed leather armour for 140 gold pieces
 14523 | D:10     | Found an ornate altar of the Wu Jian Council.
 14922 | D:10     | Noticed a two-headed ogre
 14928 | D:10     | Killed a two-headed ogre
 15164 | D:10     | Reached *** piety under Elyvilon
 15252 | D:10     | Found a staircase to the Orcish Mines.
 15903 | D:10     | You are sucked into a shaft and drop 2 floors!
 15907 | D:12     | Identified 2 scrolls of acquirement
 15907 | D:12     | Acquired a +2 kite shield of cold resistance
 15909 | D:12     | Acquired the +0 pair of gloves of a volcano {Rampage Regen+
                  | Int+4 Dex-4}
 15970 | D:11     | Noticed Nergalle
 16093 | D:12     | Killed Nergalle
 16159 | D:11     | Noticed a two-headed ogre
 16163 | D:11     | Killed a two-headed ogre
 16250 | D:10     | Found a hazy altar of Hepliaklqana.
 16436 | D:10     | Reached skill level 10 in Spellcasting
 16457 | D:10     | Reached skill level 6 in Invocations
 16503 | D:11     | Reached skill level 5 in Shields
 16546 | D:11     | Reached **** piety under Elyvilon
 16557 | D:11     | Noticed a two-headed ogre
 16562 | D:11     | Killed a two-headed ogre
 16563 | D:11     | Reached XP level 12. HP: 73/88 MP: 0/0
 16671 | D:11     | Reached skill level 9 in Fighting
 16715 | D:11     | Noticed a boulder beetle
 16721 | D:11     | Pacified a boulder beetle
 17373 | Lair:1   | Entered Level 1 of the Lair of Beasts
 17376 | Lair:1   | Reached skill level 6 in Shields
 17376 | Lair:1   | Reached skill level 7 in Invocations
 17415 | Lair:1   | Found a dark tunnel.
 17420 | Volcano  | Entered a volcano
 17777 | Lair:1   | Reached skill level 10 in Fighting
 17777 | Lair:1   | Reached skill level 7 in Shields
 17820 | Lair:1   | Reached skill level 8 in Invocations
 17958 | Lair:1   | Noticed a six-headed hydra
 17981 | Lair:1   | Killed a six-headed hydra
 17982 | Lair:1   | Reached skill level 8 in Shields
 18115 | Lair:1   | Reached XP level 13. HP: 80/96 MP: 0/0
 18115 | Lair:1   | Learned a level 5 spell: Irradiate
 18247 | Lair:1   | Acquired a +0 helmet of intelligence
 18270 | Lair:1   | Noticed a six-headed hydra
 18272 | Lair:1   | Killed a six-headed hydra
 18273 | Lair:1   | Reached skill level 9 in Shields
 18624 | Lair:2   | Noticed Gastronok
 18634 | Lair:2   | Killed Gastronok
 18635 | Lair:2   | Reached skill level 10 in Shields
 18676 | Lair:2   | Reached ***** piety under Elyvilon
 18723 | Lair:2   | Noticed a six-headed hydra
 18727 | Lair:2   | Killed a six-headed hydra
 18872 | Lair:2   | Noticed Fannar
 18883 | Lair:2   | Was placed under penance by Elyvilon
 18883 | Lair:2   | Killed Fannar
 18884 | Lair:2   | Reached skill level 11 in Shields
 19003 | Lair:2   | Found a hole to the Spider Nest.
 19031 | Lair:2   | Found a runed translucent gate.
 19075 | Lair:2   | Acquired a manual of Invocations
 19126 | Lair:2   | Found a runed translucent gate.
 19127 | Lair:2   | Found a runed translucent gate.
 19319 | Lair:2   | Noticed Soborki's ghost (journeyman MiBe)
 19445 | Lair:3   | Found a runed translucent gate.
 19445 | Lair:3   | Found a runed translucent gate.
 19445 | Lair:3   | Found a runed translucent gate.
 19518 | Lair:3   | Noticed a minotaur
 19754 | Lair:3   | Noticed atomjack's ghost (journeyman FeSu)
 19771 | Lair:3   | Reached skill level 12 in Shields
 20261 | Lair:4   | Reached skill level 13 in Shields
 20337 | Lair:4   | Found a staircase to the Swamp.
 20682 | Lair:4   | Noticed a five-headed hydra
 20701 | Lair:4   | Identified the +2 short sword "Meib" {flame, Str+3}
 20929 | Lair:3   | Noticed a catoblepas
 20935 | Lair:3   | Killed a catoblepas
 20936 | Lair:3   | Reached XP level 14. HP: 74/103 MP: 0/0
 21484 | Lair:5   | Reached skill level 14 in Shields
 21530 | Lair:5   | Found a staircase to the Slime Pits.
 21865 | Lair:5   | Acquired a staff of cold
 22040 | Lair:5   | Reached skill level 15 in Shields
 22608 | Lair:5   | Reached skill level 11 in Fighting
 22756 | Lair:6   | Entered Level 6 of the Lair of Beasts
 23147 | Lair:6   | Reached skill level 11 in Spellcasting
 23147 | Lair:6   | Reached XP level 15. HP: 65/111 MP: 0/0
 23147 | Lair:6   | Learned a level 6 spell: Starburst
 23298 | Lair:6   | Reached skill level 12 in Fighting
 24561 | D:12     | Reached skill level 1 in Armour
 24613 | D:12     | Reached skill level 4 in Armour
 24613 | D:12     | Reached XP level 16. HP: 120/120 MP: 0/0
 24724 | D:12     | Reached skill level 13 in Fighting
 24877 | D:12     | Reached skill level 12 in Spellcasting
 25020 | Orc:1    | Entered Level 1 of the Orcish Mines
 25100 | Orc:1    | Was forgiven by Elyvilon
 25322 | Orc:2    | Entered Level 2 of the Orcish Mines
 25358 | Orc:2    | Reached skill level 9 in Invocations
 25412 | Orc:2    | Reached skill level 10 in Invocations
 25414 | Orc:2    | Reached skill level 14 in Fighting
 25438 | Orc:1    | Reached skill level 11 in Invocations
 25444 | Orc:1    | Gained mutation: Your mind is acute. (Int +2) [mutagenic
                  | glow]
 25634 | Orc:2    | Noticed Erolcha
 25651 | Orc:2    | Killed Erolcha
 25652 | Orc:2    | Reached XP level 17. HP: 103/129 MP: 0/0
 25652 | Orc:2    | Learned a level 6 spell: Iron Shot
 25718 | Orc:2    | Found Vaf Vila's Antique Weapon Boutique.
 25719 | Orc:2    | Found Coc Peew's General Store.
 25719 | Orc:2    | Found Noexog's Weapon Shop.
 25719 | Orc:2    | Found Jakhlujan's Assorted Antiques.
 25733 | Orc:2    | Bought a scroll of magic mapping for 49 gold pieces
 25733 | Orc:2    | Bought a scroll of blinking for 105 gold pieces
 25733 | Orc:2    | Bought a scroll of enchant armour for 105 gold pieces
 25734 | Orc:2    | Bought a scroll of teleportation for 90 gold pieces
 25734 | Orc:2    | Bought a lead wand for 120 gold pieces
 25734 | Orc:2    | Bought a scroll of teleportation for 90 gold pieces
 25734 | Orc:2    | Bought a smoking lapis lazuli ring for 150 gold pieces
 25734 | Orc:2    | Identified the ring of Lust {rElec rPois rCorr Str+5} (You
                  | bought it in a shop on level 2 of the Orcish Mines)
 25738 | Orc:2    | Bought a scroll of summoning for 133 gold pieces
 25744 | Orc:2    | Bought a glowing cloak for 225 gold pieces
 25749 | Orc:2    | Found a staircase to the Elven Halls.
 25752 | Orc:2    | Found a runed translucent gate.
 25760 | Orc:2    | Reached skill level 12 in Invocations
 25791 | Orc:2    | Found a runed translucent gate.
 25792 | Orc:2    | Found a runed translucent gate.
 25792 | Orc:2    | Noticed Johnny's ghost (journeyman HuBe)
 25911 | Orc:2    | Found an iron altar of Okawaru.
 26277 | Orc:1    | Found Voacy's Distillery.
 26308 | Orc:1    | Bought a potion of attraction for 48 gold pieces
 26308 | Orc:1    | Bought a potion of cancellation for 128 gold pieces
 26308 | Orc:1    | Bought a potion of invisibility for 128 gold pieces
 26308 | Orc:1    | Bought a potion of haste for 160 gold pieces
 26585 | D:13     | Found a gate leading to a gauntlet.
 26592 | Gauntlet | Entered a Gauntlet
 26592 | Gauntlet | Found a large runed translucent door.
 26592 | Gauntlet | Found a large runed translucent door.
 26592 | Gauntlet | Found a large runed translucent door.
 26592 | Gauntlet | Found a large runed translucent door.
 26592 | Gauntlet | Found a runed translucent door.
 26592 | Gauntlet | Found a large runed translucent door.
 26592 | Gauntlet | Found a large runed translucent door.
 26592 | Gauntlet | Found a transporter.
 26592 | Gauntlet | Found a transporter.
 26592 | Gauntlet | Found a large runed translucent door.
 26592 | Gauntlet | Found a large runed translucent door.
 26592 | Gauntlet | Found a runed translucent gate.
 26592 | Gauntlet | Found a runed translucent gate.
 26592 | Gauntlet | Found a transporter.
 26593 | Gauntlet | Found a transporter.
 26596 | Gauntlet | Found a transporter.
 26596 | Gauntlet | Found a transporter.
 26597 | Gauntlet | Found a runed translucent gate.
 26597 | Gauntlet | Found a runed translucent door.
 26608 | Gauntlet | Found a transporter.
 26610 | Gauntlet | Found a transporter.
 26622 | Gauntlet | Found a transporter.
 26667 | Gauntlet | Found a large runed translucent door.
 26667 | Gauntlet | Found a large runed translucent door.
 26668 | Gauntlet | Found a large runed translucent door.
 26669 | Gauntlet | Found a large runed translucent door.
 26670 | Gauntlet | Found a large runed translucent door.
 26670 | Gauntlet | Found a large runed translucent door.
 26671 | Gauntlet | Found a large runed translucent door.
 26672 | Gauntlet | Found a large runed translucent door.
 26725 | Gauntlet | Found a transporter.
 26728 | Gauntlet | Found a transporter.
 26738 | Gauntlet | Found a transporter.
 26853 | Gauntlet | Reached skill level 3 in Dodging
 26864 | Gauntlet | Identified the amulet of Rept {RegenMP rElec rF+ Int-4
                  | Stlth+}
 27007 | Gauntlet | Identified the +3 tower shield of Qisig {rElec}
 27245 | D:13     | Found a runed translucent door.
 27352 | D:13     | Found a runed translucent door.
 27353 | D:13     | Found a runed translucent door.
 27695 | D:13     | Found a runed translucent gate.
 27696 | D:13     | Found a runed translucent gate.
 27697 | D:13     | Found a runed translucent gate.
 27698 | D:13     | Found an opulent altar of Gozag.
 27700 | D:13     | Noticed skizzler's ghost (journeyman DsFi)
 28212 | D:14     | Noticed Urug
 28212 | D:14     | Noticed Rupert
 28212 | D:14     | Found a gate to the Vaults.
 28272 | D:14     | Reached skill level 4 in Dodging
 28307 | D:14     | You are sucked into a shaft and drop 1 floor!
 28307 | D:15     | Entered Level 15 of the Dungeon
 28358 | D:14     | Identified the +1 chain mail of Parlour Games {Rampage
                  | Drain Fly rF+}
 28394 | D:15     | Reached skill level 13 in Invocations
 28421 | D:15     | Gained mutation: You are clumsy. (Dex -2) [mutagenic glow]
 28492 | D:15     | Reached skill level 5 in Dodging
 28651 | D:14     | Killed Rupert
 28655 | D:14     | Killed Urug
 28740 | D:14     | You are sucked into a shaft and drop 1 floor!
 28825 | D:15     | Identified the +3 ring mail "Viceel" {+Inv rF++ Regen+
                  | Str-3}
 28855 | D:15     | Found a transporter.
 28890 | D:15     | Found a staircase to the Depths.
 29016 | D:15     | Found a transporter.
 29022 | D:15     | Noticed a tentacled starspawn
 29045 | D:15     | Found a one-way gate to the infinite horrors of the Abyss.
 29163 | D:15     | Found a stormy altar of Qazlal.
 29382 | D:14     | Reached skill level 6 in Dodging
 29857 | D:7      | Killed Harold
 29858 | D:7      | Reached skill level 14 in Invocations
 29998 | D:2      | Killed Sigmund
 30275 | Lair:2   | Killed Soborki's ghost
 30292 | Lair:2   | Got the ring "Wuuhudom" {Fire rElec rCorr Dex+3}
 30352 | Spider:1 | Entered Level 1 of the Spider Nest
 30359 | Spider:1 | Reached skill level 15 in Fighting
 30694 | Spider:1 | Reached XP level 18. HP: 126/138 MP: 0/0
 30964 | Spider:1 | Reached skill level 7 in Dodging
 31540 | Spider:2 | Upgraded the game from 0.28-a0-773-g130ae17fe5 to
                  | 0.28-a0-792-g75f770b44e
 31567 | Spider:2 | Noticed Asterion
 31573 | Spider:2 | Killed Asterion
 31903 | Spider:2 | Reached skill level 15 in Invocations
 31904 | Spider:2 | Reached skill level 13 in Spellcasting
 31951 | Spider:2 | Reached skill level 8 in Dodging
 31967 | Spider:2 | Noticed Donald
 31974 | Spider:2 | Killed Donald
 32746 | Spider:2 | Reached skill level 16 in Fighting
 33134 | Spider:3 | Reached ****** piety under Elyvilon
 33229 | Spider:3 | Identified the +3 long sword of Income {freeze, rF+ Str+3
                  | Int+6 Dex-3}
 33475 | Spider:4 | Entered Level 4 of the Spider Nest
 34012 | Spider:4 | Reached skill level 17 in Fighting
 34121 | Spider:4 | Reached XP level 19. HP: 142/148 MP: 0/0
 34121 | Spider:4 | Learned a level 7 spell: Summon Hydra
 34202 | Spider:4 | Got a gossamer rune of Zot
 34315 | Spider:4 | Reached skill level 16 in Invocations
 34447 | Swamp:1  | Entered Level 1 of the Swamp
 34655 | Swamp:1  | Noticed Jorgrun
 34975 | Swamp:1  | Killed Jorgrun
 36251 | Swamp:3  | Identified the +5 shortbow "Queteiry" {speed, rPois SInv}
 36473 | Swamp:3  | Acquired 700 gold pieces
 36518 | Swamp:4  | Entered Level 4 of the Swamp
 36528 | Swamp:3  | Reached skill level 14 in Spellcasting
 36600 | Swamp:4  | Reached skill level 18 in Fighting
 36601 | Swamp:4  | Noticed Kirke
 36612 | Swamp:4  | Killed Kirke
 36619 | Swamp:4  | Reached skill level 17 in Invocations
 36749 | Swamp:4  | Reached XP level 20. HP: 150/157 MP: 0/0
 36881 | Swamp:4  | Got a decaying rune of Zot
 37607 | Elf:1    | Entered Level 1 of the Elven Halls
 37812 | Elf:1    | Reached skill level 18 in Invocations
 37906 | Elf:1    | Found Wyodghutad's General Store.
 37916 | Elf:1    | Found Boll's Specific Store.
 37936 | Elf:1    | Bought a scroll of magic mapping for 49 gold pieces
 37953 | Elf:1    | Reached skill level 15 in Spellcasting
 38698 | Elf:2    | Paralysed by an air elemental for 1 turns
 38752 | Elf:2    | Identified Roxanne's Grimoire of Shape Shifting
 38752 | Elf:2    | Noticed Roxanne
 38824 | Elf:2    | Reached XP level 21. HP: 160/163 MP: 0/0
 38824 | Elf:2    | Learned a level 8 spell: Necromutation
 39118 | Elf:2    | Reached skill level 19 in Invocations
 39134 | Elf:2    | Found a huge runed translucent gate.
 39134 | Elf:2    | Found a huge runed translucent gate.
 39134 | Elf:2    | Found a huge runed translucent gate.
 39135 | Elf:2    | Found a huge runed translucent gate.
 39136 | Elf:2    | Found a huge runed translucent gate.
 39312 | Elf:3    | Entered Level 3 of the Elven Halls
 39907 | Elf:3    | Paralysed by an air elemental for 1 turns
 39959 | Elf:3    | Reached skill level 16 in Spellcasting
 40724 | Elf:3    | Reached skill level 20 in Invocations
 41331 | Elf:3    | Identified the amulet "Niwy" {Faith rC+ rN+ Will+ SInv}
 41361 | Elf:3    | Identified the ring "Losiocwu" {rElec rC+ MP+9 Dex+2}
 41579 | Elf:1    | Identified the +0 ring mail of the Known World {Int-4
                  | Slay+6}
 41734 | Vaults:1 | Entered Level 1 of the Vaults
 41777 | Vaults:1 | Reached skill level 21 in Invocations
 41777 | Vaults:1 | Reached XP level 22. HP: 151/169 MP: 0/0
 42309 | Vaults:1 | Reached skill level 5 in Armour
 42408 | Vaults:1 | Reached skill level 5 in Evocations
 42530 | Vaults:1 | Found Epumorch's Armour Shop.
 42863 | Vaults:2 | Reached skill level 9 in Dodging
 42974 | Vaults:2 | Reached skill level 6 in Armour
 43126 | Vaults:2 | Found a staircase to the Crypt.
 43129 | Vaults:2 | Reached skill level 6 in Evocations
 43470 | Vaults:2 | Identified the +8 great mace "Visojies" {vorpal, rElec
                  | Stlth+}
 43753 | Vaults:2 | Reached skill level 7 in Armour
 43812 | Vaults:2 | Found Noyhuhi's Magic Scroll Emporium.
 43818 | Vaults:2 | Reached skill level 10 in Dodging
 43852 | Vaults:2 | Bought a scroll of magic mapping for 52 gold pieces
 43852 | Vaults:2 | Bought 3 scrolls of teleportation for 135 gold pieces
 44019 | Vaults:3 | Reached skill level 7 in Evocations
 44084 | Vaults:3 | Found Olug's Antique Armour Boutique.
 44112 | Vaults:3 | Bought faintly humming pearl dragon scales for 2587 gold
                  | pieces
 44112 | Vaults:3 | Identified the +11 pearl dragon scales of the True Pharaoh
                  | {*Slow rElec rN+ Regen+ Int+2} (You bought it in a shop on
                  | level 3 of the Vaults)
 44929 | Vaults:3 | Found Labacab's Magic Scroll Boutique.
 44975 | Vaults:3 | Bought a scroll of blinking for 90 gold pieces
 44975 | Vaults:3 | Bought a scroll of blinking for 90 gold pieces
 44975 | Vaults:3 | Bought a scroll of teleportation for 36 gold pieces
 44975 | Vaults:3 | Bought a scroll of magic mapping for 42 gold pieces
 44975 | Vaults:3 | Bought a scroll of teleportation for 36 gold pieces
 44975 | Vaults:3 | Bought a scroll of magic mapping for 42 gold pieces
 45028 | Vaults:3 | Found Tuttalua's Antique Armour Shop.
 45031 | Vaults:3 | Reached XP level 23. HP: 171/175 MP: 0/0
 45031 | Vaults:3 | Learned a level 8 spell: Maxwell's Capacitive Coupling
 45169 | Vaults:3 | Found Tuyjuer's Antique Armour Boutique.
 45380 | Vaults:3 | Reached skill level 8 in Armour
 45390 | Vaults:3 | Reached skill level 8 in Evocations
 45541 | Vaults:3 | Reached skill level 11 in Dodging
 45713 | Vaults:3 | Found Lysuz's Distillery.
 46053 | Vaults:3 | Bought a scroll of enchant armour for 90 gold pieces
 46408 | Vaults:4 | Reached skill level 17 in Spellcasting
 46408 | Vaults:4 | Reached skill level 9 in Evocations
 46636 | Vaults:4 | Reached skill level 12 in Dodging
 46704 | Vaults:4 | Found Pievig's Distillery.
 46906 | Vaults:4 | Reached skill level 10 in Evocations
 47503 | Depths:1 | Entered Level 1 of the Depths
 47717 | Depths:1 | Found a gateway to Hell.
 47776 | Depths:1 | Reached XP level 24. HP: 155/181 MP: 0/0
 47892 | Depths:1 | Found a white marble altar of Elyvilon.
 47974 | Depths:1 | Found Umaboydyph's Antique Weapon Boutique.
 48012 | Depths:1 | Reached skill level 11 in Evocations
 48150 | Depths:1 | Found a one-way gate leading to the halls of Pandemonium.
 48623 | Depths:2 | Found a shadowy altar of Dithmenos.
 48945 | Depths:2 | Reached skill level 12 in Evocations
 48953 | Depths:2 | Reached skill level 18 in Spellcasting
 49043 | Depths:2 | Found a runed translucent door.
 49043 | Depths:2 | Noticed an ancient lich
 49094 | Depths:2 | Identified the +1 robe of the Endless Expanse {Rampage
                  | +Blink SInv Stlth-}
 49216 | Depths:2 | Found a runed translucent door.
 49217 | Depths:2 | Found the amulet of the Four Winds {rN+ Will+++ Clar}
 49306 | Depths:2 | Found Dehotirgh's Weapon Shop.
 49546 | Depths:3 | Found Ejeqo's Book Boutique.
 49547 | Depths:3 | Found Lufoy's Jewellery Shoppe.
 49549 | Depths:3 | Found Tix Mat's Book Boutique.
 50502 | Depths:3 | Reached XP level 25. HP: 181/189 MP: 0/0
 50502 | Depths:3 | Learned a level 8 spell: Ignition
 50612 | Depths:3 | Reached skill level 19 in Fighting
 50743 | Depths:4 | Entered Level 4 of the Depths
 51023 | Depths:4 | Found a gateway to a ziggurat.
 51069 | Depths:4 | Reached skill level 19 in Spellcasting
 51208 | Depths:4 | Found Emuw's Antique Armour Shoppe.
 51215 | Depths:4 | Bought a bloodstained cloak for 247 gold pieces
 51215 | Depths:4 | Identified the -3 cloak "Duast" {*Corrode rF+ Slay+3} (You
                  | bought it in a shop on level 4 of the Depths)
 51316 | Depths:4 | Noticed Sojobo
 51326 | Depths:4 | Killed Sojobo
 51474 | Depths:4 | Found a gate to the Realm of Zot.
 51773 | Depths:4 | Identified the +1 leather armour of Qupes {rPois rC+
                  | Stlth+}
 52222 | Vaults:5 | Entered Level 5 of the Vaults
 52225 | Vaults:5 | Reached skill level 20 in Fighting
 52255 | Vaults:5 | Identified the ring of Ciutoll {rPois Str+4 Int-3 SInv}
 52778 | Vaults:5 | Reached skill level 20 in Spellcasting
 52785 | Vaults:5 | Reached XP level 26. HP: 193/200 MP: 0/0
 53440 | Vaults:5 | Reached skill level 21 in Spellcasting
 53716 | Vaults:5 | Got a silver rune of Zot
 54226 | Vaults:5 | Noticed an ancient lich
 54230 | Vaults:5 | Killed an ancient lich
 54245 | Vaults:5 | Noticed an ancient lich
 54251 | Vaults:5 | Killed an ancient lich
 54838 | Zot:1    | Entered Level 1 of the Realm of Zot
 55059 | Zot:2    | Reached XP level 27. HP: 197/205 MP: 0/0
 55059 | Zot:2    | Learned a level 9 spell: Dragon's Call
 55245 | Zot:3    | Reached skill level 22 in Invocations
 55647 | Zot:5    | Entered Level 5 of the Realm of Zot
 55687 | Zot:5    | Identified the -6 cloak of Summertime {*Corrode rElec Int+2
                  | SInv}
 55753 | Zot:5    | Found a transporter.
 55753 | Zot:5    | Noticed Doipsez's ghost (legendary MiFi)
 55765 | Zot:5    | Found a bloodstained altar of Trog.
 55765 | Zot:5    | Identified the +2 cloak "Curghuck" {Fly Slay+2}
 55772 | Zot:5    | Found a transporter.
 55776 | Zot:5    | Identified the ring of the Median {rPois Str+6 Dex+3}
 56223 | Zot:5    | Noticed a dread lich
 56223 | Zot:5    | Noticed an ancient lich
 56226 | Zot:5    | Reached skill level 22 in Spellcasting
 56226 | Zot:5    | Killed a dread lich
 56228 | Zot:5    | Killed an ancient lich
 56234 | Zot:5    | Noticed a Killer Klown
 56238 | Zot:5    | Killed a Killer Klown
 56241 | Zot:5    | Noticed an orb of fire
 56242 | Zot:5    | Noticed a Killer Klown
 56244 | Zot:5    | Noticed an orb of fire
 56248 | Zot:5    | Killed an orb of fire
 56254 | Zot:5    | Killed a Killer Klown
 56257 | Zot:5    | Noticed a Killer Klown
 56257 | Zot:5    | Killed an orb of fire
 56258 | Zot:5    | Killed a Killer Klown
 56424 | Zot:5    | Reached skill level 23 in Invocations
 56437 | Zot:5    | Noticed an orb of fire
 56441 | Zot:5    | Killed an orb of fire
 56448 | Zot:5    | Noticed a Killer Klown
 56448 | Zot:5    | Noticed a Killer Klown
 56455 | Zot:5    | Killed a Killer Klown
 56457 | Zot:5    | Killed a Killer Klown
 56468 | Zot:5    | Got the Orb of Zot
 56576 | Depths:4 | Noticed a seraph
 57057 | D:$      | Escaped with the Orb!

Illustrated notes

Levels and vault maps discovered:
D:1:      evilmike_arrival_crescent, layout_rooms, st_stairs_10
D:2:      layout_loops_ring, basic_ecumenical_altar, uniq_sigmund
D:3:      layout_loops_ring, uniq_grinder
D:4:      layout_rooms, nicolae_ashenzari_skybound,
          ebering_ghost_reflecting_pool
D:5:      layout_basic, mainiacjoe_overflow_concentric_impassable,
          grunt_temple_overflow_order_and_chaos_1, ebering_ghost_sewer_f,
          dk_vineyard_3, serial_bayou_pond_b, kennysheep_generic_room_4
D:6:      layout_basic, uniq_edmund, uniq_maggie, uniq_crazy_yiuf_cottage,
          uniq_pikel
D:7:      layout_gridville, minmay_temple_entry_crystal_x,
          minmay_misc_feat_more_columns, st_stairs_12, uniq_harold
D:8:      layout_loops_ring, nicolae_overflow_hidden_temple,
          mainiacjoe_overflow_catwalk, mainiacjoe_overflow_small_starburst,
          lair_entry_dummy
D:9:      layout_cave_pools, nicolae_overflow_crystal_walls, serial_shops,
          nicolae_take_the_stairs
D:10:     layout_long_grid, nzn_wu_jian_contemplation,
          nicolae_hepliaklqana_hippocampus, hiddenorc1_lemuel,
          amcnicky_mini_corridor_feature, nooodl_orcs_dogs
D:11:     layout_irregular_city, minmay_door_square, hangedman_tell_no_tales,
          uniq_nergalle
D:12:     layout_basic
D:13:     layout_loops_corners, ebering_ghost_gozag, gauntlet_entry_generic,
          palyth_stone_intersect, mikee_hates_you
D:14:     layout_rooms, david_vaults_3, grunt_decor_fettered
D:15:     hangedman_depths_entry_try_elsewhere_first, layout_cave_pools,
          special_room [special_room_orc], gammafunk_ghost_abyssal_escape,
          minmay_misc_feat_roman, grunt_qazlal_clouds
Temple:   minmay_temple_bridge_abc
Lair:1:   layout_roguey, enter_volcano_4, serial_bayou_crossing,
          grunt_megastairs_2
Lair:2:   layout_hall_layers, spider_nest_entry_webs, gammafunk_ghost_icy,
          uniq_fannar, uniq_gastronok
Lair:3:   layout_regular_city, maelrawn_ghost_gauntlet_escape, st_stairs_6,
          kennysheep_catoblepas_arena, lemuel_fruit_fields
Lair:4:   layout_layer_cave, swamp_mist_pool, minivault_23, grunt_megastairs_5,
          serial_bayou_shore_b, uniq_rupert
Lair:5:   nzn_winding_woodlands_stair_trap [nzn_winding_woodlands_5x15_cabin,
          nzn_winding_woodlands_5x15_pockets, nzn_winding_woodlands_5x15_parted,
          nzn_winding_woodlands_15x15_five_gardens,
          nzn_winding_woodlands_5x15_sawtooth,
          nzn_winding_woodlands_5x15_river_crossing,
          nzn_winding_woodlands_5x15_concentric], layout_regular_city,
          slime_dummy
Lair:6:   gammafunk_lair_ancient_temple, layout_cave_pods, uniq_urug
Swamp:1:  layout_basic_swamp, evilmike_swamp_ruin_house_1, swamp_pool3,
          infiniplex_staircase_pool, uniq_jorgrun
Swamp:2:  layout_basic_swamp, hangedman_swamp_ruin_wall, swamp_pool1,
          cheibrodos_swamp_pet_leeches
Swamp:3:  layout_basic_swamp, evilmike_swamp_ruin_house_4, swamp_pool5,
          nicolae_swamp_no_escape
Swamp:4:  swamp_alternative, layout_basic_swamp, uniq_kirke
Spider:1: layout_spider_delve, nicolae_spider_checkerboard
Spider:2: layout_chambers, nicolae_spider_cling_halls, uniq_donald,
          uniq_asterion
Spider:3: layout_spider_delve, hangedman_spider_tarantella_strand
Spider:4: grunt_spider_rune_circles, nicolae_spider_nooks_and_crannies
Orc:1:    layout_caves, serial_shops, shop
Orc:2:    st_orc_ogre_mass, layout_caves, gammafunk_ghost_fury_of_okawaru,
          lightli_orcish_oven, uniq_erolcha
Elf:1:    elf_arrival_002, layout_loops_corners, minmay_elf_necromancy,
          nicolae_specific_store
Elf:2:    elven_hall_of_blades_hangedman_alternative
          [nicolae_blade_entry_sentries_behind_glass], layout_geoelf_octagon,
          grunt_ministairs_10, uniq_nikola, uniq_roxanne
Elf:3:    minmay_elf_hall_four_x, layout_gridlike
Vaults:1: v_rooms_3, serial_ice_m, ontoclasm_vaults_chip,
          dpeg_vaults_monster_box, layout_vaults_quadrants
Vaults:2: v_misc_22, special_room_vaults [special_room_orc],
          minmay_crypt_entry_simple_round, vaults_room_boxed,
          dpeg_vaults_monster_row, nicolae_vaults_specimen_jars,
          nicolae_vaults_network_quinsquares
          [nicolae_vaults_network_quincunx_subvault,
          nicolae_vaults_network_quincunx_subvault,
          nicolae_vaults_network_quincunx_subvault,
          nicolae_vaults_network_quincunx_subvault], ontoclasm_vaults_twist,
          v_misc_11, v_misc_12, grunt_vaults_funnel, layout_vaults_maze,
          serial_shops, nicolae_diamond_shop
Vaults:3: nicolae_vaults_network_star, v_pattern_1,
          ontoclasm_vaults_water_temple, nicolae_vaults_shelves_hall,
          nicolae_vaults_ninety_degrees, ontoclasm_vaults_idyll,
          vaults_dpeg_ring, layout_vaults_chaotic_city, serial_shops,
          nicolae_shop_waterfront, nicolae_shop_crystal, nicolae_shop_stone,
          nicolae_shop_waterfront, nicolae_shop_temple_entry_statues_fountains
Vaults:4: vaults_dpeg_hooks, hangedman_vaults_capsules, vaults_dpeg_spiral,
          v_alt_pattern_4, hangedman_vaults_unwind, vaults_room_fours,
          nicolae_vaults_what_the_h, v_rooms_1, nicolae_vaults_shelves_hall,
          v_rooms_4, ontoclasm_vaults_gateway, layout_vaults_omnibox,
          serial_shops, shop
Vaults:5
Depths:1: layout_cave_shapes, grunt_hell_entry_dis_grunt,
          rand_demon_pan_entry_1, serial_shops, shop,
          serial_sigils_hangedman_scar, minmay_misc_feat_five, elyvilon_altar_3
Depths:2: cheibrodos_witchhunters_guild, layout_cave_pools, pan_entry,
          serial_shops, shop_fountains, grunt_mini_vestibule,
          grunt_dithmenos_smoke_and_mirrors
Depths:3: minmay_octagon_keep, layout_basic, serial_bayou, serial_bayou_pond_d,
          serial_bayou_lagoon_a, serial_bayou_pond_e, serial_bayou_pond_e,
          pf_hell_entry_tar_spiral, hangedman_abyss_entry_splay,
          roderic_three_in_a_row, minmay_shop_grove, firewood_loft
Depths:4: evilmike_zot_entry_basic, layout_basic, enter_ziggurat_e,
          serial_shops, nicolae_shop_window_shopping, kennysheep_crisscross,
          hell_entry, rand_demon_pan_entry_7, grunt_megastairs_3, uniq_sojobo
Zot:1:    layout_twisted_circle, gammafunk_ghost_berserking_beasts
Zot:2:    layout_misc_corridors, hangedman_elemental_corridor
Zot:3:    layout_misc_corridors
Zot:4:    layout_twisted_circle, grunt_ministairs_1, nicolae_zot_crop_circle
Zot:5:    layout_basic, gammafunk_ghost_wrathful_warriors

Skill      XL: |  1  2  3  4  5  6  7  8  9 10 11 12 13 14 15 16 17 18 19 20 21 22 23 24 25 26 27 |
---------------+----------------------------------------------------------------------------------+-----
Stealth        | 2 3 4 |  4.0
Spellcasting   | 3 4 5 6 7 8 10 11 12 13 14 15 16 17 18 20 21 22 | 22.7
Fighting       | 2 3 4 7 8 10 11 12 14 15 17 18 20 | 20.0
Shields        | 2 4 5 8 13 15 | 15.0
Invocations    | 5 6 8 11 14 15 17 18 21 23 | 23.5
Evocations     | 4 7 10 12 | 12.0
Armour         | 4 7 8 |  8.0
Dodging        | 6 8 10 12 | 12.0

Action                   |  1- 3 |  4- 6 |  7- 9 | 10-12 | 13-15 | 16-18 | 19-21 | 22-24 | 25-27 || total
-------------------------+-------+-------+-------+-------+-------+-------+-------+-------+-------++-------
Melee: Long sword        |       |       |       |     2 |       |       |       |       |       ||     2
       Staff             |       |       |       |       |       |    36 |       |     8 |     3 ||    47
Throw: Dart              |       |       |       |       |       |     2 |       |       |       ||     2
 Cast: Shock             |    69 |    57 |    29 |     1 |       |       |       |       |       ||   156
       Static Discharge  |     9 |    18 |    22 |    35 |     5 |       |       |       |       ||    89
       Searing Ray       |       |     2 |    28 |       |     1 |       |       |       |       ||    31
       Corpse Rot        |       |       |     1 |       |       |       |       |       |       ||     1
       Airstrike         |       |       |    33 |   208 |   312 |   191 |   301 |    79 |   115 ||  1239
       Hailstorm         |       |       |     9 |    65 |    77 |   263 |   181 |    53 |    15 ||   663
       Swiftness         |       |       |     1 |     2 |       |       |       |       |       ||     3
       Irradiate         |       |       |       |       |    30 |    90 |    16 |    11 |    19 ||   166
       Starburst         |       |       |       |       |       |    78 |   213 |   468 |   218 ||   977
       Iron Shot         |       |       |       |       |       |    14 |    13 |    44 |    68 ||   139
       Maxwell's Capacit |       |       |       |       |       |       |       |     1 |    19 ||    20
       Ignition          |       |       |       |       |       |       |       |       |    44 ||    44
       Dragon's Call     |       |       |       |       |       |       |       |       |     6 ||     6
Invok: Heal Other        |       |       |       |     3 |       |     4 |       |       |     4 ||    11
       Heal Self         |       |       |       |       |       |     7 |     7 |     4 |    13 ||    31
       Divine Vigour     |       |       |       |       |       |       |     1 |     1 |     2 ||     4
       Purification      |       |       |       |       |       |       |       |       |     1 ||     1
Evoke: Wand              |       |       |     2 |       |       |     2 |       |     1 |     1 ||     6
       Tin of tremorston |       |       |       |       |       |     1 |     1 |     2 |       ||     4
       Phial of floods   |       |       |       |       |       |     1 |       |       |       ||     1
  Use: Scroll            |     1 |     8 |     1 |    12 |    13 |     8 |     1 |     3 |     7 ||    54
       Potion            |       |     4 |       |       |     1 |     1 |       |       |     5 ||    11
 Stab: Distracted        |       |       |       |       |       |       |       |     1 |       ||     1
Armor: Robe              |       |     8 |     7 |    14 |    19 |       |       |       |       ||    48
       Troll leather arm |       |       |       |       |     1 |    16 |       |       |       ||    17
       Ring mail         |       |       |       |       |       |    56 |    50 |    19 |       ||   125
       Pearl dragon scal |       |       |       |       |       |       |       |    80 |    64 ||   144
Dodge: Dodged            |     8 |     2 |    14 |    21 |    31 |    81 |    39 |    93 |    60 ||   349
Block: Other             |       |     3 |     6 |       |       |       |       |       |       ||     9
       Reflection        |       |       |     1 |     3 |     4 |    35 |    24 |       |       ||    67
       Buckler           |       |       |     2 |     6 |       |       |       |       |       ||     8
       Kite shield       |       |       |       |    46 |    93 |   271 |   125 |   199 |   114 ||   848

Table legend: (Time is in decaauts)
 A = Elapsed time spent in this place.
 B = Non-inter-level travel time spent in this place.
 C = Inter-level travel time spent in this place.
 D = Time resting spent in this place.
 E = Time spent auto-exploring this place.
 F = Levels seen in this place.
 G = Mean time per level.
                   A        B        C        D        E       F      G
               +--------+--------+--------+--------+--------+-----+--------+
         Total |  57125 |  51614 |   5511 |  10429 |  32096 |  51 | 1120.1 |
       Dungeon |  22225 |  19691 |   2534 |   5963 |  11003 |  15 | 1481.7 |
        Temple |     49 |     31 |     18 |      0 |     10 |   1 |   49.0 |
          Lair |   7010 |   6486 |    524 |    272 |   5232 |   6 | 1168.3 |
         Swamp |   2966 |   2854 |    112 |    453 |   1821 |   4 |  741.5 |
   Spider Nest |   4049 |   3917 |    132 |    535 |   2808 |   4 | 1012.2 |
  Orcish Mines |   1528 |   1334 |    194 |    129 |    840 |   2 |  764.0 |
   Elven Halls |   4179 |   3783 |    396 |    876 |   2125 |   3 | 1393.0 |
        Vaults |   8049 |   6932 |   1117 |    979 |   4473 |   5 | 1609.8 |
        Depths |   4667 |   4278 |    389 |    107 |   3350 |   4 | 1166.8 |
           Zot |   1693 |   1602 |     91 |    987 |    210 |   5 |  338.6 |
       Volcano |    267 |    267 |      0 |     28 |     64 |   1 |  267.0 |
      Gauntlet |    437 |    437 |      0 |    100 |    160 |   1 |  437.0 |
               +--------+--------+--------+--------+--------+-----+--------+

Top non-repeatable levels by time:
   Elf:3: 2356 daAuts
Vaults:5: 2298 daAuts
    D:10: 2225 daAuts
     D:6: 2194 daAuts
     D:5: 2150 daAuts
     D:3: 1914 daAuts
Vaults:3: 1670 daAuts
     D:7: 1577 daAuts
     D:1: 1510 daAuts
     D:4: 1491 daAuts
  Lair:6: 1486 daAuts
    D:13: 1419 daAuts
     D:2: 1413 daAuts
     D:8: 1389 daAuts
Vaults:1: 1374 daAuts
